General information
- name: BNet
- type: Ladder team game (AT/RT)
- host: Battle.net
- saver: LookAhead
map: TwilightRuins
- players: 8
- length: 32:44
- speed: Fast
- version: 1.28 W3XP
- replay type: Public
» download(284 KB)
Players
team 1 (loser)
Dharma (
yellow | 53 APM | 929 actions | 17:31)
6 Mountain King
3 Storm Bolt
2 Bash
1 Avatar
2 Paladin
1 Holy Light
1 Divine Shield
» actions
| Basic commands | 74 | |
| Build / train | 90 | |
| ESC pressed | 3 | |
| Enter build submenu | 18 | |
| Enter hero's abilities submenu | 8 | |
| Give item / drop item | 1 | |
| Right click | 370 | |
| Select / deselect | 290 | |
| Use ability | 75 | |
929 total
» units
| Peasant | 15 | |
| Rifleman | 18 | |
| Goblin Shredder | 1 | |
| Flying Machine | 10 | |
44 total
» upgrades
| Gunpowder | 3 | |
| Armor | 3 | |
| Long Rifles | 1 | |
| Masonry | 2 | |
| Flak Cannons | 1 | |
| Flying Machine Bombs | 1 | |
| Fragmentation Shards | 1 | |
12 total
» buildings
| Farm | 9 | |
| Altar of Kings | 1 | |
| Blacksmith | 1 | |
| Barracks | 2 | |
| Scout Tower | 1 | |
| Arcane Tower | 1 | |
| Town Hall | 1 | |
| Lumber Mill | 1 | |
| Arcane Vault | 1 | |
| Keep | 1 | |
| Castle | 1 | |
| Workshop | 1 | |
21 total
» build order
00:20 Farm
00:35 Altar of Kings
00:59 Farm
01:31 Blacksmith
01:41 Barracks
01:49 Scout Tower
02:16 Arcane Tower
02:19 Farm
02:51 Farm
03:33 Town Hall
04:02 Lumber Mill
04:21 Arcane Vault
05:20 Keep
07:05 Farm
07:07 Farm
07:09 Farm
08:02 Castle
08:05 Barracks
10:40 Workshop
15:17 Farm
15:18 Farm
» items
| Scroll of Regeneration | 2 | |
| Lesser Clarity Potion | 5 | |
| Potion of Lesser Invulnerability | 1 | |
| Dust of Appearance | 1 | |
| Potion of Healing | 4 | |
| Potion of Mana | 2 | |
| Scroll of Town Portal | 2 | |
| Orb of Fire | 1 | |
| Staff of Sanctuary | 1 | |
19 total
Benedict (
pink | 68 APM | 2210 actions | 32:44)
10 Archmage
3 Summon Water Elemental
3 Brilliance Aura
1 Mass Teleport
3 Blizzard
1 Mountain King
1 Storm Bolt
» actions
| Assign group hotkey | 48 | |
| Basic commands | 59 | |
| Build / train | 97 | |
| Enter build submenu | 43 | |
| Enter hero's abilities submenu | 12 | |
| Give item / drop item | 3 | |
| Remove unit from queue | 2 | |
| Right click | 714 | |
| Select / deselect | 477 | |
| Select group hotkey | 569 | |
| Use ability | 186 | |
2210 total
» units
| Peasant | 12 | |
| Footman | 5 | |
| Goblin Shredder | 2 | |
| Gryphon Rider | 10 | |
| Goblin Zeppelin | 1 | |
| Goblin Sapper | 3 | |
| Dragonhawk Rider | 9 | |
42 total
» upgrades
| Masonry | 3 | |
| Storm Hammers | 1 | |
| Swords | 3 | |
| Armor | 4 | |
| Reinforced Defenses | 1 | |
| Cloud | 1 | |
13 total
» buildings
| Altar of Kings | 1 | |
| Barracks | 1 | |
| Farm | 12 | |
| Keep | 1 | |
| Lumber Mill | 1 | |
| Arcane Vault | 1 | |
| Scout Tower | 21 | |
| Town Hall | 2 | |
| Arcane Tower | 1 | |
| Guard Tower | 8 | |
| Castle | 1 | |
| Gryphon Aviary | 4 | |
| Blacksmith | 2 | |
56 total
» build order
00:49 Altar of Kings
00:51 Barracks
00:52 Farm
00:53 Farm
01:07 Farm
01:14 Farm
01:47 Farm
01:49 Farm
03:22 Keep
03:40 Lumber Mill
03:56 Arcane Vault
04:29 Scout Tower
04:44 Town Hall
04:47 Scout Tower
04:48 Scout Tower
04:49 Scout Tower
04:50 Scout Tower
05:38 Arcane Tower
05:40 Guard Tower
05:42 Guard Tower
06:24 Castle
06:26 Guard Tower
07:42 Gryphon Aviary
07:43 Gryphon Aviary
07:44 Gryphon Aviary
07:45 Gryphon Aviary
07:48 Blacksmith
07:52 Blacksmith
07:55 Farm
08:30 Scout Tower
08:32 Scout Tower
08:33 Scout Tower
08:34 Scout Tower
08:36 Scout Tower
10:20 Guard Tower
10:33 Guard Tower
10:39 Scout Tower
10:40 Scout Tower
10:41 Scout Tower
10:41 Scout Tower
10:42 Scout Tower
10:43 Scout Tower
10:45 Scout Tower
10:46 Scout Tower
10:47 Scout Tower
10:48 Scout Tower
10:48 Scout Tower
11:15 Guard Tower
11:20 Guard Tower
12:14 Guard Tower
14:45 Farm
17:08 Farm
17:13 Farm
17:27 Farm
20:29 Farm
31:41 Town Hall
» items
| Mechanical Critter | 2 | |
| Scroll of Town Portal | 5 | |
| Scroll of Regeneration | 5 | |
| Potion of Healing | 1 | |
| Periapt of Vitality | 3 | |
| Staff of Sanctuary | 1 | |
17 total
SverrirHolm (
blue | 71 APM | 1225 actions | 17:19)
4 Mountain King
1 Thunder Clap
1 Bash
2 Storm Bolt
2 Paladin
1 Divine Shield
1 Holy Light
» actions
| Assign group hotkey | 55 | |
| Basic commands | 6 | |
| Build / train | 76 | |
| Enter build submenu | 24 | |
| Enter hero's abilities submenu | 6 | |
| Give item / drop item | 3 | |
| Remove unit from queue | 1 | |
| Right click | 214 | |
| Select / deselect | 308 | |
| Select group hotkey | 460 | |
| Use ability | 72 | |
1225 total
» units
| Peasant | 17 | |
| Footman | 7 | |
| Rifleman | 10 | |
34 total
» upgrades
| Defend | 1 | |
| Masonry | 2 | |
| Lumber Harvesting | 1 | |
| Gunpowder | 2 | |
| Long Rifles | 1 | |
| Armor | 1 | |
8 total
» buildings
| Farm | 11 | |
| Altar of Kings | 1 | |
| Barracks | 2 | |
| Scout Tower | 6 | |
| Arcane Tower | 1 | |
| Lumber Mill | 1 | |
| Arcane Vault | 1 | |
| Town Hall | 1 | |
| Keep | 1 | |
| Blacksmith | 1 | |
| Guard Tower | 4 | |
| Castle | 1 | |
31 total
» build order
00:22 Farm
00:37 Altar of Kings
00:59 Farm
01:11 Barracks
01:38 Farm
01:49 Scout Tower
02:21 Barracks
02:33 Arcane Tower
02:48 Farm
03:36 Lumber Mill
03:50 Arcane Vault
05:30 Town Hall
05:58 Keep
07:27 Blacksmith
08:51 Scout Tower
08:55 Scout Tower
09:42 Guard Tower
09:42 Guard Tower
10:32 Farm
10:34 Farm
11:09 Castle
11:20 Scout Tower
11:22 Scout Tower
12:33 Farm
13:05 Scout Tower
13:33 Farm
13:36 Guard Tower
13:38 Farm
15:18 Farm
15:52 Guard Tower
16:10 Farm
» items
| Scroll of Regeneration | 5 | |
| Lesser Clarity Potion | 5 | |
| Scroll of Town Portal | 3 | |
| Dust of Appearance | 1 | |
| Orb of Fire | 1 | |
| Potion of Mana | 1 | |
| Potion of Healing | 2 | |
18 total

»
chene (
teal | 43 APM | 748 actions | 17:15)
4 Far Seer
2 Feral Spirit
2 Chain Lighting
3 Shadow Hunter
2 Healing Wave
1 Serpent Ward
1 Blademaster
1 Mirror Image
» actions
| Assign group hotkey | 2 | |
| Build / train | 58 | |
| Enter build submenu | 13 | |
| Enter hero's abilities submenu | 8 | |
| Right click | 450 | |
| Select / deselect | 141 | |
| Select group hotkey | 34 | |
| Use ability | 42 | |
748 total
» units
| Peon | 13 | |
| Troll Headhunter/Berserker | 23 | |
36 total
» upgrades
| Armor | 3 | |
| Ranged Weapons | 3 | |
| Troll Regeneration | 1 | |
| Berserker Upgrade | 1 | |
8 total
» buildings
| Orc Burrow | 7 | |
| Altar of Storms | 1 | |
| War Mill | 1 | |
| Barracks | 1 | |
| Stronghold | 1 | |
| Voodoo Lounge | 1 | |
| Fortress | 1 | |
| Great Hall | 1 | |
| Spirit Lodge | 1 | |
15 total
» build order
00:25 Orc Burrow
01:20 Altar of Storms
01:44 War Mill
01:51 Orc Burrow
02:28 Barracks
02:48 Orc Burrow
03:12 Stronghold
04:20 Orc Burrow
04:48 Voodoo Lounge
06:17 Orc Burrow
07:14 Fortress
07:24 Orc Burrow
10:35 Orc Burrow
11:10 Great Hall
14:19 Spirit Lodge
» items
team 2 (winner)
SHII1111111111T (
orange | 66 APM | 1564 actions | 23:48)
7 Mountain King
3 Storm Bolt
2 Bash
2 Avatar
» actions
| Assign group hotkey | 29 | |
| Basic commands | 16 | |
| Build / train | 107 | |
| Enter build submenu | 26 | |
| Enter hero's abilities submenu | 8 | |
| Remove unit from queue | 5 | |
| Right click | 833 | |
| Select / deselect | 307 | |
| Select group hotkey | 161 | |
| Use ability | 71 | |
1564 total
» units
| Peasant | 19 | |
| Footman | 5 | |
| Knight | 7 | |
| Gryphon Rider | 6 | |
| Dragonhawk Rider | 10 | |
| Rifleman | 6 | |
53 total
» upgrades
| Masonry | 2 | |
| Lumber Harvesting | 2 | |
| Swords | 2 | |
| Armor | 2 | |
| Animal War Training | 1 | |
| Cloud | 1 | |
| Plating | 1 | |
| Long Rifles | 1 | |
| Gunpowder | 2 | |
14 total
» buildings
| Altar of Kings | 1 | |
| Farm | 8 | |
| Barracks | 1 | |
| Scout Tower | 8 | |
| Lumber Mill | 1 | |
| Arcane Tower | 2 | |
| Arcane Vault | 1 | |
| Keep | 1 | |
| Town Hall | 1 | |
| Blacksmith | 1 | |
| Guard Tower | 5 | |
| Castle | 1 | |
| Gryphon Aviary | 2 | |
33 total
» build order
00:20 Altar of Kings
00:30 Farm
00:42 Barracks
01:02 Farm
01:51 Scout Tower
02:06 Lumber Mill
02:20 Farm
02:22 Arcane Tower
02:57 Arcane Vault
03:47 Keep
04:08 Farm
04:27 Town Hall
04:54 Scout Tower
04:58 Scout Tower
05:03 Scout Tower
05:45 Blacksmith
05:49 Guard Tower
05:56 Guard Tower
06:41 Guard Tower
07:27 Scout Tower
07:55 Arcane Tower
07:59 Scout Tower
08:01 Scout Tower
08:03 Scout Tower
08:11 Castle
08:27 Guard Tower
09:14 Farm
09:33 Guard Tower
10:34 Gryphon Aviary
11:00 Gryphon Aviary
16:01 Farm
16:03 Farm
16:04 Farm
» items
| Scroll of Regeneration | 3 | |
| Boots of Speed | 1 | |
| Potion of Lesser Invulnerability | 1 | |
| Scroll of Town Portal | 4 | |
| Orb of Fire | 1 | |
| Potion of Healing | 6 | |
| Potion of Mana | 2 | |
18 total
LookAhead (
green | 99 APM | 3231 actions | 32:44)
7 Archmage
2 Summon Water Elemental
3 Brilliance Aura
2 Blizzard
4 Blood Mage
2 Flame Strike
2 Siphon Mana
» actions
| Assign group hotkey | 76 | |
| Basic commands | 457 | |
| Build / train | 151 | |
| ESC pressed | 1 | |
| Enter build submenu | 54 | |
| Enter hero's abilities submenu | 11 | |
| Give item / drop item | 13 | |
| Right click | 798 | |
| Select / deselect | 498 | |
| Select group hotkey | 978 | |
| Use ability | 194 | |
3231 total
» units
| Peasant | 13 | |
| Footman | 4 | |
| Goblin Shredder | 1 | |
| Rifleman | 3 | |
| Sorceress | 2 | |
| Gryphon Rider | 4 | |
| Dragonhawk Rider | 3 | |
| Goblin Sapper | 5 | |
35 total
» upgrades
| Gunpowder | 3 | |
| Armor | 3 | |
| Long Rifles | 1 | |
| Masonry | 3 | |
| Sorceress Training | 2 | |
| Priest Training | 2 | |
| Plating | 3 | |
| Animal War Training | 1 | |
| Control Magic | 1 | |
| Swords | 3 | |
| Storm Hammers | 1 | |
| Cloud | 1 | |
| Lumber Harvesting | 1 | |
25 total
» buildings
| Altar of Kings | 1 | |
| Barracks | 2 | |
| Farm | 14 | |
| Arcane Vault | 1 | |
| Lumber Mill | 1 | |
| Blacksmith | 1 | |
| Keep | 3 | |
| Town Hall | 1 | |
| Scout Tower | 24 | |
| Arcane Sanctum | 2 | |
| Arcane Tower | 1 | |
| Guard Tower | 29 | |
| Castle | 3 | |
| Gryphon Aviary | 3 | |
86 total
» build order
01:08 Altar of Kings
01:19 Barracks
01:26 Farm
01:27 Farm
01:36 Farm
02:20 Farm
02:23 Farm
02:27 Arcane Vault
03:23 Lumber Mill
03:25 Blacksmith
03:54 Keep
03:54 Keep
03:54 Keep
04:37 Town Hall
06:33 Scout Tower
06:35 Scout Tower
06:38 Scout Tower
07:27 Farm
07:43 Arcane Sanctum
07:47 Arcane Sanctum
07:51 Arcane Tower
07:52 Guard Tower
08:09 Scout Tower
08:10 Scout Tower
08:34 Castle
08:34 Castle
08:34 Castle
08:46 Guard Tower
09:29 Scout Tower
09:30 Scout Tower
10:50 Guard Tower
10:51 Guard Tower
12:13 Gryphon Aviary
12:14 Gryphon Aviary
12:40 Scout Tower
12:43 Scout Tower
12:44 Scout Tower
13:18 Guard Tower
13:18 Guard Tower
13:18 Guard Tower
13:18 Guard Tower
13:19 Guard Tower
13:39 Scout Tower
13:40 Scout Tower
13:40 Scout Tower
13:41 Scout Tower
13:42 Scout Tower
14:33 Guard Tower
14:33 Guard Tower
14:40 Scout Tower
14:42 Scout Tower
15:10 Guard Tower
15:10 Guard Tower
15:11 Guard Tower
15:12 Guard Tower
15:12 Guard Tower
15:40 Scout Tower
15:41 Farm
16:25 Guard Tower
16:25 Guard Tower
16:25 Guard Tower
16:38 Barracks
16:40 Scout Tower
16:43 Scout Tower
17:40 Gryphon Aviary
17:45 Farm
17:46 Farm
17:49 Scout Tower
18:24 Guard Tower
18:24 Guard Tower
18:52 Guard Tower
18:53 Guard Tower
18:54 Scout Tower
18:58 Scout Tower
19:01 Scout Tower
19:18 Farm
19:19 Farm
19:22 Farm
19:24 Farm
19:25 Guard Tower
19:29 Guard Tower
19:29 Guard Tower
19:30 Guard Tower
20:21 Guard Tower
20:21 Guard Tower
21:10 Farm
» items
| Scroll of Regeneration | 3 | |
| Mechanical Critter | 5 | |
| Pendant of Energy | 2 | |
| Potion of Invisibility | 3 | |
| Periapt of Vitality | 1 | |
| Boots of Speed | 1 | |
| Staff of Teleportation | 2 | |
| Tome of Retraining | 1 | |
| Staff of Sanctuary | 1 | |
| Mana Stone | 1 | |
| Potion of Lesser Invulnerability | 1 | |
| Scroll of Town Portal | 1 | |
22 total
dgd (
purple | 47 APM | 1050 actions | 22:17)
7 Blademaster
1 Wind Walk
3 Critical Strike
2 Mirror Image
1 Bladestorm
4 Shadow Hunter
1 Healing Wave
1 Hex
2 Serpent Ward
» actions
| Build / train | 82 | |
| Enter build submenu | 17 | |
| Enter hero's abilities submenu | 11 | |
| Give item / drop item | 2 | |
| Right click | 560 | |
| Select / deselect | 310 | |
| Use ability | 68 | |
1050 total
» units
| Peon | 17 | |
| Wind Rider | 20 | |
| Troll Batrider | 7 | |
44 total
» upgrades
| Ranged Weapons | 3 | |
| Pillage | 1 | |
| Spiked Barricades | 3 | |
| Envenomed Spears | 1 | |
| Liquid Fire | 1 | |
| Reinforced Defenses | 1 | |
10 total
» buildings
| Orc Burrow | 9 | |
| Altar of Storms | 1 | |
| War Mill | 1 | |
| Voodoo Lounge | 1 | |
| Stronghold | 2 | |
| Great Hall | 3 | |
| Beastiary | 2 | |
| Fortress | 1 | |
20 total
» build order
00:07 Orc Burrow
01:05 Altar of Storms
01:17 War Mill
01:48 Voodoo Lounge
02:17 Stronghold
02:17 Stronghold
02:52 Orc Burrow
04:18 Orc Burrow
04:32 Great Hall
04:43 Beastiary
04:55 Beastiary
08:10 Fortress
08:21 Orc Burrow
09:22 Orc Burrow
17:07 Orc Burrow
17:26 Great Hall
17:52 Orc Burrow
18:14 Orc Burrow
19:10 Orc Burrow
21:25 Great Hall
» items
| Healing Salve | 7 | |
| Lesser Clarity Potion | 1 | |
| Scroll of Town Portal | 3 | |
| Orb of Lightning | 1 | |
12 total

»
Tripod (
red | 32 APM | 1047 actions | 32:44)
4 Death Knight
2 Death Coil
2 Unholy Aura
3 Dreadlord
2 Vampiric Aura
1 Sleep
2 Crypt Lord
1 Carrion Beetles
1 Impale
» actions
| Assign group hotkey | 18 | |
| Basic commands | 123 | |
| Build / train | 103 | |
| Enter build submenu | 24 | |
| Enter hero's abilities submenu | 9 | |
| Give item / drop item | 1 | |
| Remove unit from queue | 5 | |
| Right click | 233 | |
| Select / deselect | 234 | |
| Select group hotkey | 225 | |
| Use ability | 72 | |
1047 total
» units
| Acolyte | 21 | |
| Ghoul | 4 | |
| Crypt Fiend | 7 | |
| Goblin Shredder | 2 | |
| Obsidian Statue | 4 | |
| Frost Wyrm | 4 | |
42 total
» upgrades
| Web | 1 | |
| Creature Attack | 3 | |
| Creature Carapace | 3 | |
| Burrow | 1 | |
| Exhume Corpses | 1 | |
| Cannibalize | 1 | |
| Destroyer Form | 1 | |
| Freezing Breath | 1 | |
12 total
» buildings
| Ziggurat | 14 | |
| Altar of Darkness | 1 | |
| Crypt | 1 | |
| Tomb of Relics | 2 | |
| Nerubian Tower | 1 | |
| Graveyard | 1 | |
| Halls of the Dead | 4 | |
| Spirit Tower | 8 | |
| Slaughterhouse | 1 | |
| Necropolis | 2 | |
| Black Citadel | 1 | |
| Sacrificial Pit | 1 | |
| Boneyard | 2 | |
39 total
» build order
00:11 Ziggurat
00:14 Altar of Darkness
00:46 Crypt
01:00 Tomb of Relics
01:31 Nerubian Tower
01:44 Ziggurat
01:48 Ziggurat
02:23 Graveyard
03:24 Halls of the Dead
05:37 Ziggurat
06:03 Ziggurat
07:59 Spirit Tower
08:46 Slaughterhouse
09:05 Ziggurat
09:54 Ziggurat
09:57 Ziggurat
09:58 Ziggurat
10:37 Spirit Tower
10:47 Tomb of Relics
10:53 Spirit Tower
11:03 Spirit Tower
11:10 Spirit Tower
11:29 Necropolis
14:13 Ziggurat
14:17 Ziggurat
14:17 Ziggurat
14:19 Ziggurat
14:26 Necropolis
14:31 Ziggurat
15:10 Spirit Tower
15:14 Spirit Tower
16:13 Spirit Tower
16:24 Halls of the Dead
16:24 Halls of the Dead
17:36 Black Citadel
17:44 Sacrificial Pit
20:00 Boneyard
20:02 Boneyard
» items
| Dust of Appearance | 1 | |
| Potion of Healing | 6 | |
| Scroll of Town Portal | 4 | |
| Rod of Necromancy | 3 | |
| Orb of Corruption | 3 | |
17 total
Chat log
(07:10 / Allies) SHII1111111111T: ty
(17:20 / All) Benedict: man I spammed "OUT" for hte last 2 minutes
(17:24 / All) Benedict: what a fucking retard
(17:26 / All) Dharma: lol my team sucked so bad
(17:29 / All) Dharma: it was fun owning
(17:30 / All) LookAhead: not over yet
(17:32 / All) LookAhead: why they leaving
(21:43 / All) dgd: pok
(21:51 / Allies) dgd: u same
(21:56 / Allies) LookAhead: ?
(22:03 / Allies) dgd: u and pink
(22:09 / Allies) LookAhead: what do you mean
(22:14 / Allies) dgd: ok
(22:54 / Allies) Tripod: wtf douche?
(23:03 / Allies) LookAhead: what
(23:13 / Allies) Tripod: go fuk yoursself
(23:19 / Allies) LookAhead: maybe I will later man
(23:22 / Allies) LookAhead: why are you being so aggressive
(23:37 / All) SHII1111111111T: well gg
(23:43 / All) SHII1111111111T: green decided to pms at the last sec
(23:53 / All) LookAhead: look ahead
(24:04 / All) LookAhead: and go to your next game
(24:05 / All) LookAhead: red
(24:29 / Allies) LookAhead: we can do this the long way or the easy way
(24:34 / Allies) LookAhead: you want a loss now or in 10 mins?
(24:59 / Allies) Tripod: quite an accomplished life when u need to fuk up vid games
(25:06 / Allies) LookAhead: thanks
(25:08 / Allies) LookAhead: i think so too
(25:15 / Allies) LookAhead: my mom says shes proud of me
(25:23 / Allies) Tripod: no shes not
(26:02 / All) LookAhead: gg noob team
(26:12 / All) Benedict: red big time noob, sorry dude
(30:32 / All) Benedict: red
(30:33 / All) Benedict: brah
(30:35 / All) Benedict: leave brah
(30:40 / All) Benedict: you're harshing our vibe
(30:48 / All) Benedict: not cool, not cool at all man
(31:55 / All) LookAhead: hmm don't see last building
(32:20 / All) Benedict: there
(32:22 / All) LookAhead: oh lol
(32:23 / All) LookAhead: roight there
(32:31 / All) LookAhead: I was looking all over for it
(32:33 / All) Benedict: He saying anything
(32:36 / All) LookAhead: nope
(32:41 / All) Benedict: Fuck you red